 Dungeon Crawl Stone Soup version 0.17.1-3-g152610e (webtiles) character file.

6757 PentaManta the Spear-Bearer (level 11, -7/89 HPs)
             Began as a Merfolk Gladiator on Mar 10, 2016.
             Was a Priest of Okawaru.
             Mangled by a cyclops (25 damage)
             ... on level 11 of the Dungeon.
             The game lasted 01:06:46 (11062 turns).

PentaManta the Spear-Bearer (Merfolk Gladiator)    Turns: 11062, Time: 01:06:46

Health: -7/89      AC:  7    Str: 19    XL:     11   Next: 4%
Magic:  18/18      EV: 20    Int:  7    God:    Okawaru [***...]
Gold:   691        SH:  0    Dex: 15    Spells: 1 memorised, 15 levels left

rFire  . . .     SeeInvis +     a - +1 trident
rCold  + . .     Clarity  .     D - +2 leather armour {rPois}
rNeg   . . .     SustAt   .     (no shield)
rPois  +         Gourm    .     c - +0 helmet
rElec  .         Spirit   .     E - +0 cloak
rCorr  +         Warding  .     (no gloves)
rMut   .         Stasis   .     (no boots)
MR     .....                    y - amulet of resist corrosion
Stlth  ++++......               q - ring of see invisible
                                j - ring of protection from cold

@: about to teleport, slowed, very slow, not resistant to hostile enchantments,
stealthy
A: change form in water, swift swim, repulsion field 1
a: Heroism, Renounce Religion


You were on level 11 of the Dungeon.
You worshipped Okawaru.
Okawaru was most pleased with you.
You were not hungry.

You visited 2 branches of the dungeon, and saw 12 of its levels.
You also visited: Sewer.

You collected 691 gold pieces.

Inventory:

Hand Weapons
 a - a +1 trident (weapon)
 B - a +0 trident
Missiles
 d - 3 throwing nets (quivered)
Armour
 c - a +0 helmet (worn)
 z - a +0 buckler
 D - a +2 leather armour of poison resistance (worn)
 E - a +0 cloak (worn)
Jewellery
 b - an uncursed amulet of guardian spirit
 i - an uncursed ring of ice
 j - a ring of protection from cold (left hand)
 q - a ring of see invisible (right hand)
 y - an amulet of resist corrosion (around neck)
 M - an uncursed ring of flight
Wands
 u - a wand of magic darts (0)
 w - a wand of paralysis (20)
 C - a wand of slowing (22)
 J - a wand of frost (28)
Scrolls
 m - 2 scrolls of enchant weapon
 s - a scroll of fog
 t - a scroll of identify
 x - 3 scrolls of recharging
 H - 3 scrolls of magic mapping
 L - 5 scrolls of remove curse
 P - a scroll of teleportation
 Q - a scroll of amnesia
Potions
 k - 2 potions of flight
 l - a potion of cancellation
 n - 3 potions of agility
 o - 2 potions of lignification
 p - 8 potions of curing
 v - 2 potions of brilliance
 A - 2 potions of heal wounds
 G - a potion of magic {unknown}
Books
 r - a book of Necromancy

   Spells                             Type                      Level
   a - Pain                           Necromancy                   1
   b - Animate Skeleton               Necromancy                   1
   c - Vampiric Draining              Necromancy                   3
   d - Regeneration                   Charms/Necromancy            3
   e - Animate Dead                   Necromancy                   4
   f - Control Undead                 Necromancy                   4
 F - a Necronomicon

   Spells                             Type                      Level
   a - Haunt                          Necromancy/Summoning         7
   b - Borgnjor's Revivification      Necromancy                   8
   c - Death's Door                   Charms/Necromancy            8
   d - Necromutation                  Transmutation/Necromancy     8
 I - a book of Annihilations

   Spells                             Type                      Level
   a - Poison Arrow                   Conjuration/Poison           6
   b - Chain Lightning                Conjuration/Air              8
   c - Lehudib's Crystal Spear        Conjuration/Earth            8
   d - Glaciate                       Conjuration/Ice              9
   e - Fire Storm                     Conjuration/Fire             9
 R - a book of Ice

   Spells                             Type                      Level
   a - Ice Form                       Ice/Transmutation            4
   b - Metabolic Englaciation         Hexes/Ice                    5
   c - Ozocubu's Refrigeration        Ice                          6
   d - Bolt of Cold                   Conjuration/Ice              6
   e - Freezing Cloud                 Conjuration/Ice/Air          6
   f - Simulacrum                     Ice/Necromancy               6
Comestibles
 e - 2 bread rations
 f - 9 meat rations
 g - 29 fruits
 h - a beef jerky
 S - 3 royal jellies


   Skills:
 - Level 9.1 Fighting
 + Level 10.1 Polearms
 - Level 2.0 Throwing
 - Level 10.0 Dodging
 - Level 8.0 Stealth
 * Level 4.8 Spellcasting
 - Level 7.0 Ice Magic


You had 15 spell levels left.
You knew the following spells:

 Your Spells              Type           Power        Failure   Level  Hunger
a - Ice Form              Ice/Trmt       #.......     83%         4    #####..


Dungeon Overview and Level Annotations

Branches:
Dungeon (11/15)            Temple (1/1) D:5            Lair (0/8) D:10
    Orc: D:9-12

Altars:
Ashenzari
Cheibriados
Dithmenos
Elyvilon
Fedhas
Gozag
Kikubaaqudgha
Makhleb
Nemelex Xobeh
Okawaru
Qazlal
Ru
Sif Muna
Trog
Vehumet
Xom
Yredelemnul
Zin
The Shining One

Portals:
Trove: D:10 (give 21 scrolls of identify)


Innate Abilities, Weirdness & Mutations

You revert to your normal form in water.
You are very nimble and swift while swimming.
You are surrounded by a mild repulsion field (EV +2).


Message History

You puncture the cyclops!
The cyclops is lightly wounded.
The wraith completely misses you.
You completely miss the cyclops.
The cyclops is lightly wounded.
The cyclops misses you.
You hit the cyclops.
The cyclops is moderately wounded.
The wraith hits you!
* * * LOW HITPOINT WARNING * * *
The wraith drains your vigour!
You feel yourself slow down.
* * * LOW HITPOINT WARNING * * *
The cyclops closely misses you.
Drink which item? (? for menu, Esc to quit)
Okay, then.
Read which item? (? for menu, Esc to quit)
As you read the scroll of teleportation, it crumbles to dust.
You feel strangely unstable. The wraith hits you but does no damage.
The wraith closely misses you. The cyclops hits you!!
You die...

#######################
.......................
..........#.....#####..
...##.....#.....# .
...##.....#....(#####...
...##.?...#....(.W......
................@C......
############+###########
...#...# ...#.).# ...#...#
#####'######### #########
#.##..........#########.......#
.....#........#.......'.#####.#
.....#..####..#.......#.#


You could see a cyclops and a wraith.

Vanquished Creatures
  Erica (D:9)
  2 hill giants
  Maurice (D:9)
  A kobold demonologist (Sewer)
  A troll (D:9)
  Grinder (Sewer)
  A shadow (D:9)
  Eustachio (D:4)
  A wyvern (D:8)
  A sky beast (D:10)
  2 ice beasts
  An eye of draining (D:10)
  5 ogres
  2 phantoms
  2 centaurs
  4 orc warriors
  A necrophage (D:7)
  3 big kobolds
  5 giant frogs
  3 scorpions
  A wyvern skeleton (D:10)
  6 crimson imps
  3 quasits
  2 orc priests
  A jelly (D:8)
  A centaur skeleton (D:8)
  2 centaur zombies
  3 giant frog skeletons
  4 hounds
  6 worker ants
  2 orc wizards
  3 iguanas
  2 killer bee zombies
  2 big kobold zombies (Sewer)
  A hound skeleton (D:4)
  A worker ant zombie (D:6)
  Robin (D:4)
  10 adders
  A gnoll (D:4)
  4 shadow imps
  2 oozes
  5 ufetubi (Sewer)
  2 adder zombies
  6 worms
  2 adder skeletons
  5 giant geckos
  21 orcs
  7 ball pythons
  11 bats
  A bat zombie (Sewer)
  6 giant cockroaches
  12 goblins
  12 hobgoblins
  6 jackals
  29 kobolds
  2 giant cockroach zombies
  A giant gecko zombie (D:5)
  5 giant newts
  A kobold zombie (Sewer)
  4 quokkas
  A quokka skeleton (D:6)
  8 rats
244 creatures vanquished.

Vanquished Creatures (others)
  A big kobold zombie (Sewer)
1 creature vanquished.

Grand Total: 245 creatures vanquished

Notes
Turn   | Place    | Note
--------------------------------------------------------------
     0 | D:1      | PentaManta the Merfolk Gladiator began the quest for the Orb.
     0 | D:1      | Reached XP level 1. HP: 16/16 MP: 1/1
   120 | D:1      | Reached skill level 5 in Polearms
   173 | D:1      | Reached XP level 2. HP: 22/22 MP: 2/2
   629 | D:2      | Found a blossoming altar of Fedhas.
   740 | D:2      | Reached XP level 3. HP: 27/27 MP: 3/3
   749 | D:2      | Reached skill level 6 in Polearms
  1069 | D:2      | Found a faded altar to an unknown god.
  1559 | D:3      | Reached XP level 4. HP: 28/33 MP: 4/4
  1565 | D:3      | Reached skill level 7 in Polearms
  1686 | D:3      | Found a glowing drain.
  1704 | Sewer    | Entered a sewer
  2305 | Sewer    | Reached XP level 5. HP: 38/40 MP: 5/5
  2309 | Sewer    | Noticed an apprentice kobold demonologist
  2518 | Sewer    | Noticed Grinder
  2523 | Sewer    | Reached skill level 5 in Dodging
  2534 | Sewer    | Paralysed by Grinder for 7 turns
  2544 | Sewer    | Killed Grinder
  2544 | Sewer    | Reached XP level 6. HP: 19/48 MP: 6/6
  2799 | Sewer    | Found a burning altar of Makhleb.
  2823 | Sewer    | Killed an apprentice kobold demonologist
  2823 | Sewer    | Reached skill level 8 in Dodging
  2823 | Sewer    | Reached XP level 7. HP: 35/55 MP: 7/7
  2853 | Sewer    | Noticed a big kobold
  2884 | Sewer    | Killed a big kobold
  2884 | Sewer    | Reached skill level 5 in Fighting
  3420 | D:4      | Reached skill level 9 in Dodging
  3677 | D:4      | Found a shattered altar of Ashenzari.
  3697 | D:4      | Noticed Eustachio
  3822 | D:4      | Reached XP level 8. HP: 54/62 MP: 8/8
  3988 | D:4      | Found a deep blue altar of Sif Muna.
  3991 | D:4      | Found an ancient bone altar of Kikubaaqudgha.
  3991 | D:4      | Found a radiant altar of Vehumet.
  3995 | D:4      | Identified Kikubaaqudgha's Collected Works on Dark Rites
  4004 | D:4      | Identified Vehumet's Reference Book on Conjuration
  4013 | D:4      | Identified Sif Muna's Grimoire of the Compass
  4143 | D:4      | Found a snail-covered altar of Cheibriados.
  4268 | D:4      | Killed Eustachio
  4343 | D:4      | Noticed Robin
  4374 | D:4      | Reached skill level 10 in Dodging
  4390 | D:4      | Killed Robin
  4555 | D:5      | Entered Level 5 of the Dungeon
  4592 | D:5      | Found a staircase to the Ecumenical Temple.
  4741 | D:5      | Found a white marble altar of Elyvilon.
  5278 | Temple   | Entered the Ecumenical Temple
  5544 | Temple   | Became a worshipper of Warmaster Okawaru
  6258 | D:7      | Got a faintly glowing plate armour
  6288 | D:7      | Reached skill level 10 in Polearms
  6288 | D:7      | Reached XP level 9. HP: 45/71 MP: 9/9
  6361 | D:6      | Reached skill level 1 in Stealth
  7126 | D:7      | Found a glowing golden altar of the Shining One.
  7398 | D:7      | Noticed a hill giant
  7414 | D:7      | Killed a hill giant
  7414 | D:7      | Reached * piety under Okawaru
  7414 | D:7      | Reached skill level 5 in Stealth
  7965 | D:8      | Reached ** piety under Okawaru
  8231 | D:8      | Reached XP level 10. HP: 69/82 MP: 10/10
  8314 | D:8      | Gained mutation: You are surrounded by a mild repulsion field (EV +2). [potion of beneficial mutation]
  8321 | D:8      | Learned a level 4 spell: Ice Form
  8408 | D:8      | Reached skill level 1 in Ice Magic
  8980 | D:9      | Noticed Erica
  9013 | D:9      | Killed Erica
  9013 | D:9      | Reached *** piety under Okawaru
  9013 | D:9      | Reached skill level 5 in Ice Magic
  9033 | D:9      | Noticed Maurice
  9043 | D:9      | Killed Maurice
  9362 | D:9      | HP: 1/83 [troll (6)]
  9873 | D:10     | Entered Level 10 of the Dungeon
  9932 | D:10     | Reached skill level 1 in Spellcasting
  9951 | D:10     | Noticed a hill giant
  9968 | D:10     | Killed a hill giant
 10328 | D:10     | Found a staircase to the Lair.
 10410 | D:10     | Found a portal to a secret trove of treasure.
 10615 | D:10     | Reached XP level 11. HP: 89/89 MP: 5/17
 11051 | D:11     | Noticed a hill giant
 11062 | D:11     | Mangled by a cyclops

Action                   |  1- 3 |  4- 6 |  7- 9 | 10-12 || total
-------------------------+-------+-------+-------+-------++-------
Melee: Trident           |   148 |   178 |   547 |   302 ||  1175
Invok: Heroism           |       |       |       |     2 ||     2
Evoke: Wand              |       |       |       |     2 ||     2
  Use: Scroll            |       |    10 |     3 |    11 ||    24
       Potion            |       |     1 |     2 |     8 ||    11
 Stab: Sleeping          |     1 |       |    10 |    16 ||    27
       Distracted        |       |       |     1 |       ||     1
       Paralysed         |       |       |       |     5 ||     5
  Eat: Chunk             |     1 |       |     6 |     4 ||    11
       Royal jelly       |       |     1 |       |       ||     1
       Bread ration      |       |     1 |     2 |     2 ||     5
       Fruit             |       |       |     2 |       ||     2
       Pizza             |       |       |       |     1 ||     1
       Beef jerky        |       |       |       |     1 ||     1
